 Seeded DCSS version 0.30.1-11-g7821555f0a (webtiles) character file.

Game seed: 5 (custom seed)

2989 Kazon the Chopper (level 9, -3/52 HPs)
             Began as a Vampire Fighter on Dec 8, 2023.
             Was a Priest of Makhleb.
             Slain by a two-headed ogre
             ... wielding a +0 giant spiked club
              (6 damage)
             ... on level 7 of the Dungeon.
             The game lasted 00:24:52 (4949 turns).

Kazon the Chopper (Vampire Fighter)                 Turns: 4949, Time: 00:24:53

Health: -3/52      AC:  9    Str: 19    XL:     9   Next: 53%
Magic:  0/21       EV:  8    Int: 11    God:    Makhleb [***...]
Gold:   348        SH: 15    Dex: 19    Spells: 8/8 levels left

rFire   . . .        x - +1 war axe of Abuse {freeze, Will+}
rCold   + + .        c - +0 tower shield
rNeg    + + +        b - +0 scale mail
rPois   ∞            i - +0 helmet
rElec   .            (no cloak)
rCorr   .            M - +0 pair of gloves
SInv    +            (no boots)
Will    +....        D - amulet of guardian spirit
Stlth   +++          r - ring of magical power
HPRegen 0.00/turn    q - +6 ring of dexterity
MPRegen 0.17/turn

%: guardian spirit
@: bloodless, inhibited regen
A: bloodless, fangs 3, see invisible, vampiric 2
a: Bat Form, Revivify, Renounce Religion, Minor Destruction, Lesser Servant of
Makhleb


You were on level 7 of the Dungeon.
You worshipped Makhleb.
Makhleb was most pleased with you.
You visited 2 branches of the dungeon, and saw 8 of its levels.
You also visited: Ossuary.

You collected 348 gold pieces.

Inventory:

Hand Weapons
 a - a +0 war axe
 e - a +2 vampiric dagger
 f - a +0 hand axe of flaming
 v - a +0 vampiric hand axe
 x - the +1 war axe of Abuse (weapon) {freeze, Will+}
   (You acquired it on level 1 of the Dungeon)

   Will:      It increases your willpower.
Missiles
 k - a boomerang
 n - 9 poisoned darts
 y - 4 stones
Armour
 b - a +0 scale mail (worn)
 c - a +0 tower shield (worn)
 i - a +0 helmet (worn)
 M - a +0 pair of gloves (worn)
Jewellery
 q - a +6 ring of dexterity (right hand)
 r - a ring of magical power (left hand)
 D - an amulet of guardian spirit (around neck)
Wands
 z - a wand of paralysis (7)
Scrolls
 g - a scroll of fog {unknown}
 m - 4 scrolls of identify {unknown}
 o - 2 scrolls of magic mapping {unknown}
 p - a scroll of blinking {unknown}
 s - 2 scrolls of summoning {unknown}
 t - a scroll of teleportation
 A - a scroll of amnesia {unknown}
 B - a scroll of torment {unknown}
 F - a scroll of poison {unknown}
 H - a scroll of enchant armour {unknown}
 K - 2 scrolls of fear {unknown}
 L - a scroll of enchant weapon {unknown}
Potions
 d - a potion of might
 h - a potion of resistance {unknown}
 j - 4 potions of curing
 l - 5 potions of flight {unknown}
 u - 2 potions of invisibility {unknown}
 w - 3 potions of heal wounds
 C - a potion of lignification {unknown}
 E - 4 potions of attraction {unknown}
 G - 2 potions of berserk rage {unknown}
 I - a potion of haste {unknown}
 J - 2 potions of brilliance {unknown}
 N - a potion of magic


   Skills:
 + Level 4.2 Fighting
 + Level 0.4 Short Blades
 + Level 5.9 Axes
 * Level 4.4 Throwing
 + Level 4.0 Armour
 + Level 2.7 Dodging
 + Level 2.0 Stealth
 + Level 4.9 Shields
 * Level 4.4 Invocations
 * Level 4.0 Evocations


You had 8 spell levels left.
You didn't know any spells.
Your spell library contained the following spells:

 Spells                   Type           Power      Damage    Failure   Level
 Frozen Ramparts          Ice            0%         1d1       100%        3
 Ignite Poison            Fire/Tmut/Pois 0%         N/A       100%        3
 Ice Form                 Ice/Tmut       0%         N/A       100%        4
 Sticky Flame             Conj/Fire      0%         2d3       100%        4
 Summon Ice Beast         Ice/Summ       0%         N/A       100%        4
 Summon Forest            Summ/Tloc      0%         N/A       100%        5
 Eringya's Noxious Bog    Tmut/Pois      0%         N/A       100%        6
 Summon Hydra             Summ           0%         N/A       100%        7
 Ignition                 Fire           0%         3d3       100%        8


Dungeon Overview and Level Annotations

Branches:
Dungeon (7/15)             Temple (1/1) D:4         Ossuary (visited)

Altars:
Dithmenos
Fedhas
Gozag
Hepliaklqana
Makhleb
Qazlal
Wu Jian
Xom


Innate Abilities, Weirdness & Mutations

You do not regenerate when monsters are visible.
You are frail without blood (-20% HP).
You can heal yourself when you bite living creatures.
You are immune to poison.
You have razor-sharp teeth.
You have supernaturally acute eyesight. (SInv)
You are afflicted with vampirism and can become a bat while bloodless.


Message History

a +0 shortbow; a centaur skeleton A two-headed ogre comes into view.
It is wielding a +0 giant spiked club and a +0 giant club.
The two-headed ogre hits you but does no damage.
The two-headed ogre hits you with a +0 giant club.
You hit the two-headed ogre but do no damage.
You block the two-headed ogre's attack. x2
You slash the two-headed ogre! You freeze the two-headed ogre.
The two-headed ogre is lightly wounded.
The two-headed ogre hits you with a +0 giant spiked club!!
You block the two-headed ogre's attack.
You barely miss the two-headed ogre. You bite the two-headed ogre.
You draw the two-headed ogre's blood!
You feel better.
The two-headed ogre is lightly wounded.
You block the two-headed ogre's attack. x2
You hit the two-headed ogre. You freeze the two-headed ogre.
You bite the two-headed ogre.
You draw the two-headed ogre's blood!
You feel better.
The two-headed ogre is moderately wounded.
You block the two-headed ogre's attack.
The two-headed ogre hits you with a +0 giant club.
You hit the two-headed ogre but do no damage.
The two-headed ogre is moderately wounded.
You block the two-headed ogre's attack.
The two-headed ogre hits you with a +0 giant club!!
You barely miss the two-headed ogre.
The two-headed ogre is moderately wounded.
You block the two-headed ogre's attack. x2
You slash the two-headed ogre! You freeze the two-headed ogre.
The two-headed ogre is heavily wounded.
The two-headed ogre hits you with a +0 giant spiked club!!
* * * LOW HITPOINT WARNING * * *
The two-headed ogre hits you with a +0 giant club.
* * * LOW HITPOINT WARNING * * *
You hear a shout!
Aiming: Paralyse
Press: ? - help, Shift-Dir - straight line, f - two-headed ogre
Aim: a two-headed ogre, wielding a +0 giant spiked club and a +0 giant club (moderately wounded, chance to affect: 41%)
The two-headed ogre resists with some effort.
The two-headed ogre hits you with a +0 giant spiked club!
You die...

########### ###
#..<....... ..#
#.######### #.# #.# #
#.# #.# # #.# #.# # #.#
#.# # #O# #.# # # #@#
#.#########
....##.######..........
........................
.######.#.####.#########
##.#.# #.# # ##....# #.#
# #.....# #.# # #.....#
##.## # #..
#..<..###...## #


You could see a two-headed ogre.

Vanquished Creatures
  Sigmund (D:4)
  Duvessa (D:6)
  A water moccasin (D:6)
  A sky beast (D:7)
  3 black bears
  2 centaurs
  2 ogres
  An elf zombie (Ossuary)
  A kobold brigand (D:7)
  2 scorpions
  5 wights (D:7)
  4 killer bees (D:7)
  Dowan (D:6)
  A howler monkey (D:6)
  A vampire bat (D:7)
  6 hounds
  A centaur zombie (Ossuary)
  3 orc priests (D:6)
  3 human zombies (Ossuary)
  A jelly (D:5)
  6 iguanas
  4 orc wizards (D:6)
  4 ogre zombies (Ossuary)
  7 mummies (Ossuary)
  4 gnolls (D:5)
  9 adders
  A white imp (D:7)
  2 ufetubi
  A worm zombie (D:7)
  2 adder zombies (Ossuary)
  3 worms
  15 orcs
  12 bats
  9 endoplasms
  A giant cockroach (D:1)
  12 goblins
  7 hobgoblins
  11 jackals
  9 kobolds
  3 quokkas (D:4)
  6 ball pythons
  3 frilled lizards
  4 goblin zombies (Ossuary)
  6 hobgoblin zombies
  3 kobold zombies
  4 quokka zombies (Ossuary)
  4 rats
  4 rat zombies (Ossuary)
197 creatures vanquished.

Notes
Turn   | Place    | Note
-------+----------+-------------------------------------------
     0 | D:1      | Kazon the Vampire Fighter began the quest for the Orb.
     0 | D:1      | Reached XP level 1. HP: 17/17 MP: 1/1
    40 | D:1      | Identified a scroll of acquirement
    40 | D:1      | Acquired the +1 war axe of Abuse {freeze, Will+}
    77 | D:1      | Reached XP level 2. HP: 23/23 MP: 2/2
    79 | D:1      | Reached skill level 2 in Axes
   359 | D:1      | Gained mutation: You are afflicted with vampirism and can
                  | become a bat while bloodless. [Vampire growth]
   359 | D:1      | Reached XP level 3. HP: 28/28 MP: 3/3
  1039 | D:2      | Reached skill level 1 in Dodging
  1179 | D:2      | Reached XP level 4. HP: 35/35 MP: 4/4
  1643 | D:3      | Found a blossoming altar of Fedhas.
  1663 | D:3      | Reached skill level 3 in Axes
  1796 | D:3      | Found a stormy altar of Qazlal.
  1892 | D:3      | Identified the +2 sling "Qeuhanocyt" {speed, rElec Str-3
                  | Dex+2}
  2030 | D:3      | Found a faded altar of an unknown god.
  2088 | D:4      | Found a staircase to the Ecumenical Temple.
  2097 | Temple   | Entered the Ecumenical Temple
  2113 | Temple   | Became a worshipper of Makhleb the Destroyer
  2167 | D:4      | Noticed a scorpion
  2172 | D:4      | Killed a scorpion
  2173 | D:4      | Reached XP level 5. HP: 31/41 MP: 5/5
  2216 | D:4      | Noticed Sigmund
  2225 | D:4      | Killed Sigmund
  2226 | D:4      | Reached skill level 1 in Throwing
  2226 | D:4      | Reached skill level 1 in Invocations
  2226 | D:4      | Reached XP level 6. HP: 44/47 MP: 6/6
  2276 | D:4      | Found a hazy altar of Hepliaklqana.
  2277 | D:4      | Found a shadowy altar of Dithmenos.
  2277 | D:4      | Noticed a shadow
  2685 | D:4      | Reached XP level 7. HP: 18/52 MP: 8/8
  2833 | D:5      | Entered Level 5 of the Dungeon
  2884 | D:5      | Reached skill level 4 in Axes
  2959 | D:5      | Reached skill level 1 in Evocations
  3083 | D:5      | Reached * piety under Makhleb
  3380 | D:6      | Noticed Dowan
  3382 | D:6      | Noticed Duvessa
  3395 | D:6      | Killed Duvessa
  3396 | D:6      | Reached XP level 8. HP: 14/48 MP: 5/9
  3398 | D:6      | Killed Dowan
  3513 | D:6      | Found a shimmering altar of Xom.
  3680 | D:6      | Reached skill level 5 in Axes
  3688 | D:6      | Reached skill level 1 in Stealth
  3798 | D:7      | Reached ** piety under Makhleb
  3978 | D:7      | Found a sand-covered staircase.
  3989 | Ossuary  | Entered an ossuary
  4033 | Ossuary  | Reached XP level 9. HP: 25/52 MP: 11/11
  4186 | Ossuary  | Reached *** piety under Makhleb
  4939 | D:7      | Noticed a two-headed ogre
  4949 | D:7      | Slain by a two-headed ogre

Illustrated notes

Levels and vault maps discovered:
D:1:      ebering_trefoil_3fold, layout_basic, st_stairs_14, serial_bayou_ford_a
D:2:      layout_basic, hangedman_decor_growths, minmay_close_crescents
D:3:      layout_rooms, mainiacjoe_overflow_concentric_impassable,
          mainiacjoe_overflow_paths, shapermc_ecumenical_altar_acropolis,
          chequers_serial_rivers_micro_b
D:4:      layout_basic, riverfiend_overflow_shadow_ancestor,
          minmay_temple_entry_glass, uniq_sigmund
D:5:      layout_gridville
D:6:      layout_basic, xom_teletrap_fun, uniq_duvessa
D:7:      layout_loops_ring, enter_ossuary_3, roderic_batcave
Temple:   nicolae_temple_elliptical

Skill      XL: |  1  2  3  4  5  6  7  8  9 |
---------------+----------------------------+-----
Axes           | 2 3 4 5 |  5.9
Shields        | 3 4 |  4.9
Dodging        | 1 2 |  2.7
Fighting       | 3 4 |  4.2
Throwing       | 1 2 3 4 |  4.4
Armour         | 3 4 |  4.0
Invocations    | 1 2 3 4 |  4.4
Evocations     | 2 3 4 |  4.0
Stealth        | 1 2 |  2.0
Short Blades   | |  0.4

Action                     |  1- 3 |  4- 6 |  7- 9 || total
---------------------------+-------+-------+-------++-------
  Melee: War axe           |   144 |    90 |   275 ||   509
         Bite              |     9 |     9 |    57 ||    75
         Dagger            |       |    44 |     5 ||    49
         Hand axe          |       |       |   121 ||   121
  Throw: Stone             |       |     8 |    38 ||    46
         Dart              |       |     8 |     6 ||    14
         Boomerang         |       |     3 |    27 ||    30
 Invoke: Minor Destruction |       |       |     6 ||     6
Ability: Exsanguinate      |       |       |     1 ||     1
  Evoke: Wand              |       |       |     1 ||     1
    Use: Scroll            |     2 |       |     1 ||     3
         Potion            |     1 |       |     2 ||     3
   Stab: Distracted        |       |       |     3 ||     3
         Sleeping          |       |       |    18 ||    18
 Armour: Scale mail        |    66 |    41 |   135 ||   242
  Dodge: Dodged            |    51 |    27 |    89 ||   167
  Block: Buckler           |    12 |       |       ||    12
         Tower shield      |    76 |    89 |   343 ||   508
